Unix NetHack Version 3.7.0-101 Work-in-progress - last build Mar 4 2024 13:34:30 (3c4ac04b664b9ee0831c739617f054b5b60dbfd1,branch:master). Game began 2024-03-14 16:56:58, ended 2024-03-14 17:41:36. misanthrope, neutral male human Wizard ----- |... |...- |...+ |...| |...| |...|---- |...|%(%| #|...|%%%| #....|!%(| #|@..|...| | ------.--- ######|...--|-----|- ...-+-- --+- | |........| #### #|.%...[.........................| |.....<.*.### |...-----)-+----- --+---- | |........| |...| |..| |........| |...+ |..| ---------- ----- ---- Misanthrope the Thaumaturge St:9 Dx:14 Co:16 In:18 Wi:10 Ch:11 Neutral Dlvl:7 $:196 HP:0(47) Pw:51(54) AC:4 Xp:6/580 T:3561 Burdened Blind Latest messages: Y - a candle. Your movements are slowed slightly because of your load. You see a door open. There is an open door here. You see here a cursed thonged club. The dwarf swings her pick-axe. The dwarf hits! You kill the dwarf! There are several objects here. You have a little trouble lifting Z - a tin. g - a pick-axe. There is a dwarf corpse here; eat it? [ynq] (n) What do you want to eat? [CSZ or ?*] It is not so easy to open this tin. You stop opening the tin. Holly eats a dwarf corpse. What do you want to eat? [CSZ or ?*] It is not so easy to open this tin. You stop opening the tin. The door opens. "Hello, misanthrope! Welcome to Makin's delicatessen!" "Will you please leave your pick-axe outside?" You swap places with Holly. Holly eats a tripe ration. The giant spider bites! The giant spider bites! You hit the giant spider! The giant spider bites! You hit the giant spider! The giant spider bites! The giant spider bites! The giant spider bites! You hit the giant spider! The giant spider bites! In what direction? The spell hits the giant spider! You kill the giant spider! You see here a giant spider corpse. What do you want to use or apply? [cfgk-mtvMY or ?*] You are now wearing a blindfold named P1066. You can't see any more. Wait! There's something there you can't see! It gets angry! You miss it. You miss it. It hits! You miss it. It hits! You die... Do you want your possessions identified? [ynq] (y) Inventory: Coins ('$') $ - 196 gold pieces Weapons (')') q - an uncursed +0 orcish dagger a - a blessed +3 quarterstaff (weapon in hands) Armor ('[') J - an uncursed +0 orcish helm (being worn) D - an uncursed +0 pair of elven boots (being worn) b - an uncursed +0 cloak of magic resistance (being worn) Comestibles ('%') C - 2 uncursed food rations Z - an uncursed tin of dried coyote meat S - an uncursed tin of pickled centipede meat Scrolls ('?') K - an uncursed scroll of confuse monster F - a cursed scroll of confuse monster V - an uncursed scroll of enchant armor A - an uncursed scroll of enchant weapon T - an uncursed scroll of gold detection U - a blessed scroll of light i - 5 uncursed scrolls of remove curse Spellbooks ('+') k - a blessed spellbook of force bolt l - an uncursed spellbook of light Potions ('!') H - an uncursed potion of confusion z - a blessed potion of gain ability Q - an uncursed potion of gain ability P - a blessed potion of levitation I - an uncursed potion of object detection f - an uncursed potion of oil h - an uncursed potion of restore ability X - a blessed potion of see invisible s - an uncursed potion of see invisible E - 2 uncursed potions of sleeping x - an uncursed potion of water Rings ('=') e - an uncursed ring of free action (on left hand) y - a cursed ring of hunger d - an uncursed +3 ring of protection (on right hand) Tools ('(') v - an uncursed blindfold named P1066 (being worn) m - an uncursed magic marker (0:19) c - an uncursed magic whistle g - an uncursed +0 pick-axe M - 2 uncursed tallow candles t - a cursed tinning kit (0:89) Y - an uncursed wax candle Gems/Stones ('*') W - an uncursed aquamarine stone o - a cursed worthless piece of green glass N - an uncursed worthless piece of red glass O - 2 uncursed worthless pieces of violet glass w - an uncursed worthless piece of yellow glass Misanthrope the Wizard's attributes: Background: You were a Thaumaturge, a level 6 male human Wizard. You were neutral, on a mission for Thoth who was opposed by Ptah (lawful) and Anhur (chaotic). You were right-handed. You were in the Gnomish Mines, on level 7. You entered the dungeon 3561 turns ago. You had 580 experience points, 60 more were needed to attain level 7. Basics: You had 0 out of 47 hit points. You had 51 out of 54 energy points (spell power). Your armor class was 4. Your wallet contained 196 zorkmids. Autopickup was off. Final Characteristics: Your strength was 9 (limit:18/100). Your dexterity was 14 (limit:18). Your constitution was 16 (limit:18). Your intelligence was 18 (limit:18). Your wisdom was 10 (limit:18). Your charisma was 11 (limit:18). Final Status: You were deliberately blind. You weren't hungry. You were burdened; movement was slightly slowed. You were wielding a quarterstaff. You were skilled in quarterstaff. Final Attributes: You were piously aligned. You were magic-protected. You were stealthy. You had a small defense bonus (+3). You were guarded. You had free action. You are dead. Miscellaneous: You never encountered a bones level. Total elapsed playing time was 44 minutes and 16 seconds. Major events: Turn 1: misanthrope the neutral male human Wizard entered the dungeon 1318: attained the rank of Conjurer (level 3) 2289: entered the Gnomish Mines 2855: attained the rank of Thaumaturge (level 6) 3485: reached Mine Town 3561: killed by a watchman Vanquished creatures: a small mimic a giant spider a gnome ruler a jaguar a dwarf leader an orc shaman a rock piercer a yellow light 3 gnome leaders a gnomish wizard a giant ant 6 dwarves a kobold leader 5 hill orcs 2 orc zombies an iguana an acid blob a gas spore a hobgoblin 4 giant rats a green mold 18 gnomes 2 gnome zombies 5 geckos 3 jackals a fox a kobold 7 goblins 6 grid bugs a bat 2 lichens 2 newts 84 creatures vanquished. No species were genocided or became extinct. Voluntary challenges: You read items or engraved 2 times. You never engraved Elbereth. You never genocided any monsters. You never polymorphed an object. You never changed form. You used no wishes. Achievements: You entered a shop. You attained the rank of Conjurer. You entered the Gnomish Mines. You attained the rank of Thaumaturge. You entered Minetown. The Dungeons of Doom: levels 1 to 5 Level 1: A grave. Level 2: A general store. Level 3: A fountain. Level 4: A general store, a fountain. Stairs down to The Gnomish Mines. Level 5: The Gnomish Mines: levels 5 to 7 Level 5: Level 6: Level 7: <- You were here. Final resting place for you, killed by a watchman. Game over: ---------- / \ / REST \ / IN \ / PEACE \ / \ | misanthrope | | 196 Au | | killed by a | | watchman | | | | | | 2024 | *| * * * | * _________)/\\_//(\/(/\)/\//\/|_)_______ Goodbye misanthrope the Wizard... You died in The Gnomish Mines on dungeon level 7 with 2797 points, and 196 pieces of gold, after 3561 moves. You were level 6 with a maximum of 47 hit points when you died.